 Dungeon Crawl Stone Soup version 0.18-a0-1426-g3b9a63c (webtiles) character file.

1923 Kidiri the Thaumaturge (level 8, -1/47 HPs)
             Began as a Deep Elf Fire Elementalist on Feb 27, 2016.
             Slain by Joseph
             ... wielding a +0 quarterstaff
              (12 damage)
             ... on level 7 of the Dungeon.
             The game lasted 00:36:57 (10202 turns).

Kidiri the Thaumaturge (DEFE)                      Turns: 10202, Time: 00:36:57

Health: -1/47      AC:  8    Str:  5    XL:     8   Next: 96%
Magic:  17/40      EV: 18    Int: 25    God:
Gold:   329        SH:  2    Dex: 15    Spells: 6 memorised, 5 levels left

rFire  . . .     SeeInvis .     D - +2 long sword of the Revolution {drain, rC+ MR+ MP+9}
rCold  + . .     Gourm    .     a - +0 robe
rNeg   . . .     Faith    .     (no shield)
rPois  .         Spirit   .     r - +1 helmet
rElec  .         Dismiss  .     G - +0 cloak
rCorr  .         Reflect  .     (no gloves)
SustAt .         Harm     .     (no boots)
MR     ++...                    v - amulet of regeneration
Stlth  +++.......               k - ring "Uketzyeb" {MR+ MP+9 Int+4}
                                h - +3 ring of evasion

@: about to teleport, very resistant to hostile enchantments, fairly stealthy
A: hooves 1, large bone plates 1, rugged brown scales 1, dopey 1, no device heal
1
a: no special abilities


You were on level 7 of the Dungeon.
You were not hungry.

You visited 1 branch of the dungeon, and saw 7 of its levels.
You also visited: Ossuary.

You collected 329 gold pieces.

Inventory:

Hand Weapons
 d - a +2 dagger
 m - the +6 dagger "Kuhecs" {venom, Str-5 Int+4 SInv}
   (You found it on level 4 of the Dungeon)

   It poisons the flesh of those it strikes.
   It affects your strength (-5).
   It affects your intelligence (+4).
   It lets you see invisible.
 D - the +2 long sword of the Revolution (weapon) {drain, rC+ MR+ MP+9}
   (You found it on level 6 of the Dungeon)

   A truly terrible weapon, it drains the life of those it strikes.
   It protects you from cold.
   It affects your resistance to hostile enchantments.
   It affects your magic capacity (+9).
Armour
 a - a +0 robe (worn)
 r - a +1 helmet (worn)
 G - a +0 cloak (worn)
Jewellery
 h - a +3 ring of evasion (left hand)
 k - the ring "Uketzyeb" (right hand) {MR+ MP+9 Int+4}
   (You found it on level 4 of the Dungeon)

   [ring of magical power]

   It affects your intelligence (+4).
   It affects your resistance to hostile enchantments.
   It affects your magic capacity (+9).
 v - an amulet of regeneration (around neck)
 H - an uncursed ring of resist corrosion
Wands
 f - a wand of random effects (19/48)
 i - a wand of polymorph (15/24)
 x - a wand of flame (24/48)
Scrolls
 c - 2 scrolls of magic mapping
 j - a scroll of recharging {unknown}
 n - 4 scrolls of remove curse
 s - 2 scrolls of teleportation
 t - a scroll of noise {unknown}
 w - a scroll of random uselessness {unknown}
 y - a scroll of amnesia {unknown}
 C - a scroll of blinking {unknown}
 F - a scroll of enchant weapon
Potions
 e - a potion of flight
 l - 3 potions of brilliance
 o - 4 potions of haste
 q - a potion of ambrosia
 u - a potion of magic {unknown}
 z - a potion of heal wounds {unknown}
 A - a potion of might {unknown}
Books
 b - a book of Flames

   Spells                             Type                      Level
   a - Flame Tongue                   Conjuration/Fire             1
   b - Throw Flame                    Conjuration/Fire             2
   c - Conjure Flame                  Conjuration/Fire             3
   d - Inner Flame                    Hexes/Fire                   3
   e - Sticky Flame                   Conjuration/Fire             4
   f - Fireball                       Conjuration/Fire             5
Comestibles
 p - 2 meat rations
 B - 2 fruits


   Skills:
 + Level 3.1 Fighting
 + Level 5.6 Dodging
 + Level 5.8 Stealth
 * Level 8.1 Spellcasting
 + Level 4.3 Conjurations
 + Level 5.0 Hexes
 + Level 5.6 Fire Magic


You had 5 spell levels left.
You knew the following spells:

 Your Spells              Type           Power        Failure   Level  Hunger
a - Flame Tongue          Conj/Fire      #####        1%          1    None
b - Throw Flame           Conj/Fire      #####.       1%          2    None
c - Conjure Flame         Conj/Fire      #####...     1%          3    None
d - Inner Flame           Hex/Fire       #####...     1%          3    None
e - Sticky Flame          Conj/Fire      #####...     10%         4    ##.....
f - Fireball              Conj/Fire      #####.....   21%         5    ####...


Dungeon Overview and Level Annotations

Branches:
Dungeon (7/15)
 Temple: D:4-7

Altars:
Ashenzari
Elyvilon
Okawaru
Pakellas

Annotations:
D:7 Foomius's ghost, novice DsNe; Joseph


Innate Abilities, Weirdness & Mutations

You have large cloven feet.
You are partially covered in large bone plates (AC +2, SH +2).
You are partially covered in rugged brown scales (AC +1, +3% HP).
You are dopey. (Int -2)
Potions and wands are less effective at restoring your health.


Message History

Drink which item? (? for menu, Esc to quit)
You feel better.
Joseph burns!
Joseph closely misses you.
You barely miss Joseph. You kick Joseph, but do no damage.
Joseph is moderately wounded.
Joseph burns! x2
Joseph hits you with an uncursed quarterstaff!
* * * LOW HITPOINT WARNING * * *
Joseph hits you but does no damage.
Unknown command.
Drink which item? (? for menu, Esc to quit)
You feel better.
Joseph burns!
Joseph hits you with an uncursed quarterstaff!
* * * LOW HITPOINT WARNING * * *
Read which item? (? for menu, Esc to quit)
As you read the scroll of teleportation, it crumbles to dust.
You feel strangely unstable.
Joseph burns!
Drink which item? (? for menu, Esc to quit)
You feel better.
Joseph burns!
Joseph stops burning.
Joseph hits you with an uncursed quarterstaff!
You die...

# .. #
...############.#
................
................
......@@...#
...........#
.....$.....#
...........#
##+####......
#.##..#. ... ...
. ##.# .... #.
...#.


You could see Joseph.

Vanquished Creatures
  Pikel (D:7)
  4 slaves (D:7)
  A sky beast (D:5)
  An ogre (D:4)
  A phantom (D:5)
  A centaur (D:5)
  2 elf zombies (Ossuary)
  A giant frog (D:6)
  Blork the orc (D:4)
  A scorpion (D:5)
  2 centaur zombies (Ossuary)
  A crimson imp (D:5)
  2 human zombies (Ossuary)
  A centaur skeleton (D:5)
  3 hounds
  3 orc priests
  4 orc wizards
  3 worker ants
  3 mummies
  Robin (D:2)
  7 adders
  A shadow imp (D:6)
  An ooze (D:5)
  3 adder skeletons
  3 worms
  2 dart slugs
  3 giant geckos
  23 orcs
  2 giant cockroaches
  16 goblins
  8 hobgoblins
  11 jackals
  2 quokkas
  2 ball pythons
  6 bats
  7 giant newts
  2 goblin zombies (Ossuary)
  13 hobgoblin zombies
  5 kobolds
  11 kobold zombies (Ossuary)
  4 orc zombies
  5 rats
  3 rat zombies (Ossuary)
177 creatures vanquished.

Notes
Turn   | Place    | Note
--------------------------------------------------------------
     0 | D:1      | Kidiri the Deep Elf Fire Elementalist began the quest for the Orb.
     0 | D:1      | Reached XP level 1. HP: 10/10 MP: 6/6
   643 | D:1      | Reached XP level 2. HP: 2/16 MP: 1/8
   650 | D:1      | Learned a level 2 spell: Throw Flame
  1447 | D:2      | Reached XP level 3. HP: 16/20 MP: 6/9
  1452 | D:2      | Learned a level 3 spell: Conjure Flame
  1572 | D:2      | Learned a level 3 spell: Inner Flame
  1893 | D:2      | Found a white marble altar of Elyvilon.
  2406 | D:2      | Noticed Robin
  2433 | D:2      | Killed Robin
  2433 | D:2      | Reached skill level 1 in Fighting
  2433 | D:2      | Reached skill level 1 in Hexes
  2433 | D:2      | Reached XP level 4. HP: 16/25 MP: 3/11
  3273 | D:3      | Found a shattered altar of Ashenzari.
  3373 | D:3      | Gained mutation: You are partially covered in rugged brown scales (AC +1, +3% HP). [potion of beneficial mutation]
  3490 | D:3      | Gained mutation: Potions and wands are less effective at restoring your health. [potion of mutation]
  3490 | D:3      | Gained mutation: You have large cloven feet. [potion of mutation]
  3490 | D:3      | Gained mutation: You are dopey. (Int -2) [potion of mutation]
  3635 | D:3      | Found an iron altar of Okawaru.
  4020 | D:3      | Reached XP level 5. HP: 29/29 MP: 9/12
  4418 | D:4      | Noticed Blork the orc
  4438 | D:4      | Killed Blork the orc
  4438 | D:4      | Reached skill level 4 in Spellcasting
  4701 | D:4      | Got an iridescent dagger
  4705 | D:4      | Found a sand-covered staircase.
  4716 | Ossuary  | Entered an ossuary
  4717 | Ossuary  | Lost strength.
  4717 | Ossuary  | Identified the +6 dagger "Kuhecs" {venom, Str-5 Int+4 SInv} (You found it on level 4 of the Dungeon)
  5546 | Ossuary  | Reached XP level 6. HP: 27/35 MP: 0/15
  5552 | Ossuary  | Learned a level 4 spell: Sticky Flame
  5829 | Ossuary  | Reached skill level 5 in Spellcasting
  6293 | Ossuary  | Reached XP level 7. HP: 35/40 MP: 6/16
  6936 | D:4      | Got a glittering pewter ring
  6937 | D:4      | Identified the ring "Uketzyeb" {MR+ MP+9 Int+4} (You found it on level 4 of the Dungeon)
  7104 | D:5      | Entered Level 5 of the Dungeon
  7199 | D:5      | Lost strength.
  7654 | D:5      | Reached skill level 6 in Spellcasting
  7710 | D:5      | Learned a level 5 spell: Fireball
  7741 | D:5      | Reached skill level 5 in Stealth
  8026 | D:5      | Reached skill level 5 in Fire Magic
  8026 | D:5      | Reached XP level 8. HP: 25/45 MP: 20/20
  8515 | D:5      | Gained mutation: You are partially covered in large bone plates (AC +2, SH +2). [mutagenic meat]
  8769 | D:6      | Reached skill level 7 in Spellcasting
  8870 | D:6      | Reached skill level 5 in Dodging
  9045 | D:6      | Got a transparent long sword
  9046 | D:6      | Identified the +2 long sword of the Revolution {drain, rC+ MR+ MP+9} (You found it on level 6 of the Dungeon)
  9353 | D:6      | Found an oddly glowing altar of Pakellas.
 10019 | D:7      | Noticed Foomius's ghost (novice DsNe)
 10161 | D:7      | Noticed Pikel
 10174 | D:7      | Killed Pikel
 10174 | D:7      | Reached skill level 8 in Spellcasting
 10174 | D:7      | Reached skill level 5 in Hexes
 10193 | D:7      | Noticed Joseph
 10202 | D:7      | Slain by Joseph

Vault maps used:
D:1:      nagdon_arrival_zigzag_paths
D:2:      elyvilon_altar_3, uniq_robin
D:3:      lemuel_coloured_pillars_altar, evilmike_ruin_ashenzari
D:4:      nicolae_ossuary_entry_giza, serial_glass, glass_columns_b,
          glass_columns_a, grunt_decor_cap, uniq_blork_the_orc
D:5:      first_bread, hangedman_decor_points, minivault_19
D:6:      grunt_pakellas_basics
D:7:      wad_river_or_something, bloody_trog, fedhas_altar_fruit_tree,
          minmay_temple_entry_crystal_x, uniq_joseph, uniq_pikel
Ossuary:  ossuary_tomb_1

Skill      XL: |  1  2  3  4  5  6  7  8 |
---------------+-------------------------+-----
Stealth        | 3 4 5 |  5.8
Fighting       | 1 2 3 |  3.1
Dodging        | 3 4 5 |  5.6
Hexes          | 1 2 3 5 |  5.0
Conjurations   | 2 3 4 |  4.3
Fire Magic     | 4 5 |  5.6
Spellcasting   | 4 5 6 8 |  8.1

Action                   |  1- 3 |  4- 6 |  7- 9 || total
-------------------------+-------+-------+-------++-------
Melee: Dagger            |     2 |    26 |    75 ||   103
       Long sword        |       |       |     1 ||     1
 Cast: Flame Tongue      |    34 |   109 |    65 ||   208
       Throw Flame       |    21 |    68 |    49 ||   138
       Conjure Flame     |     1 |     9 |     9 ||    19
       Inner Flame       |     1 |       |    11 ||    12
       Sticky Flame      |       |     1 |    11 ||    12
       Fireball          |       |       |     1 ||     1
  Use: Scroll            |     2 |     8 |     5 ||    15
       Potion            |       |     2 |     5 ||     7
 Stab: Sleeping          |       |     2 |       ||     2
  Eat: Chunk             |     5 |     3 |     7 ||    15
       Bread ration      |       |     2 |     1 ||     3
       Meat ration       |       |     1 |       ||     1
